 Dungeon Crawl Stone Soup version 0.29.0-4-gdea44cf6ec (webtiles) character file.

Game seed: 11588711809444165836

43 qw the Caller (level 3, -9/29 HPs)
             Began as a Ghoul Summoner on Sept 9, 2022.
             Mangled by an ogre
             ... wielding a +0 giant club
              (15 damage)
             ... on level 2 of the Dungeon.
             The game lasted 00:00:44 (1736 turns).

qw the Caller (Ghoul Summoner)                      Turns: 1736, Time: 00:00:45

Health: -9/29      AC:  6    Str: 13    XL:     3   Next: 58%
Magic:  4/4        EV:  9    Int: 10    God:
Gold:   52         SH:  0    Dex:  9    Spells: 4/5 levels left

rFire   . . .      SeeInvis .   Y - +0 club
rCold   + . .      Faith    .   (no shield)
rNeg    + + +      Spirit   .   g - +0 scale mail
rPois   inf        Reflect  .   (no helmet)
rElec   .          Harm     .   (no cloak)
rCorr   .          Rampage  .   (no gloves)
Will    .....                   (no boots)
Stlth   ..........              (no amulet)
HPRegen 0.00/turn               (no ring)
MPRegen 0.09/turn               (no ring)

@: about to teleport, inhibited regen
A: claws 1, cold resistance 1, negative energy resistance 3, inhibited
regeneration, torment resistance 2, devour on kill
a: no special abilities


You were on level 2 of the Dungeon.
You visited 1 branch of the dungeon, and saw 2 of its levels.

You collected 52 gold pieces.


Innate Abilities, Weirdness & Mutations

You are immune to poison.
You have sharp fingernails.
Your flesh is cold resistant. (rC+)
You are immune to negative energy. (rN+++)
You do not regenerate when monsters are visible.
You are immune to unholy pain and torment.
You thrive by killing the living.


   Skills:
 - Level 2.0 Fighting
 + Level 2.1 Axes
 - Level 1.7 Dodging
 - Level 2.1 Stealth
 - Level 1.7 Spellcasting
 - Level 3.6 Summonings


You had 4 spell levels left.
You knew the following spells:

 Your Spells              Type           Power      Damage    Failure   Level
a - Summon Small Mammal   Summ           32%        N/A       36%         1

Your spell library contained the following spells:

 Spells                   Type           Power      Damage    Failure   Level
 Call Imp                 Summ           8%         N/A       50%         2
 Call Canine Familiar     Summ           8%         N/A       73%         3
 Summon Guardian Golem    Hex/Summ       4%         N/A       93%         3
 Summon Lightning Spire   Summ/Air       4%         N/A       100%        4

Inventory:

Hand Weapons
 Y - a +0 club (weapon)
Armour
 g - a +0 scale mail (worn)
Scrolls
 a - a scroll of enchant armour {unknown}
 b - a scroll of identify {unknown}
Potions
 c - a potion of degeneration {unknown}
 d - a potion of curing

Dungeon Overview and Level Annotations

Branches:
Dungeon (2/15)

Altars:


Message History

You start resting.
HP restored.
A bat comes into view.
Found a stone staircase leading down.
The bat barely misses you.
You closely miss the bat. The bat hits you but does no damage.
You barely miss the bat. The bat hits you but does no damage.
You hit the bat.
You kill the bat!
You see here a bat corpse.
Found a stone staircase leading up.
Enter note: An ogre comes into view. It is wielding a +0 giant club.
The ogre shouts!
A goblin comes into view. It is wielding a +0 club.
The goblin shouts!
You hit the ogre.
The ogre is lightly wounded.
The ogre closely misses you.
You barely miss the ogre.
The ogre is lightly wounded.
The ogre closely misses you.
You hit the ogre.
The ogre is lightly wounded.
You hit the ogre.
The ogre is moderately wounded.
The ogre hits you with a +0 giant club!!
Ouch! That really hurt!
The goblin hits you but does no damage. x2
You hit the ogre but do no damage.
The ogre is moderately wounded.
The ogre barely misses you. The goblin hits you with a +0 club.
1736 ||| READING scroll of teleportation.
As you read the scroll of teleportation, it crumbles to dust.
You feel strangely unstable. The goblin hits you but does no damage.
The ogre hits you with a +0 giant club!
Ouch! That really hurt!
You die...

.. ###.......... ...
.>#..........
...###.#..........
#.................
#......#.#........
#........#........
#......#........
#....%..@O......
##.....##g.......
#......##........
#.....###........
#......###......#
###....#....<####
#....#.#.######
##..............
########.....#.......#


You could see an ogre and a goblin.

Vanquished Creatures
  An adder (D:2)
  2 dart slugs
  2 ball pythons (D:1)
  2 bats
  3 endoplasms
  A giant cockroach (D:2)
  2 goblins (D:2)
  A hobgoblin (D:1)
  3 rats
17 creatures vanquished.

Vanquished Creatures (collateral kills)
  6 ball pythons (D:1)
  2 goblins (D:1)
  A hobgoblin (D:1)
  A rat (D:1)
10 creatures vanquished.

Grand Total: 27 creatures vanquished

Notes
Turn   | Place    | Note
-------+----------+-------------------------------------------
     0 | D:1      | qw the Ghoul Summoner began the quest for the Orb.
     0 | D:1      | Reached XP level 1. HP: 14/14 MP: 2/2
     0 | D:1      | 0 ||| qw: Version: 0.1-a-113-g051387a
     0 | D:1      | 0 ||| qw: Game counter: 7331
     0 | D:1      | 0 ||| qw: Always use a shield: true
     0 | D:1      | 0 ||| qw: God list: Okawaru
     0 | D:1      | 0 ||| qw: Allow faded altars: false
     0 | D:1      | 0 ||| qw: Do Orc after D:15 true
     0 | D:1      | 0 ||| qw: Do second Lair branch before Depths: true
     0 | D:1      | 0 ||| qw: Lair rune preference: random
     0 | D:1      | 0 ||| qw: Plans: Normal
     0 | D:1      | 0 ||| PLANNING D:1-11
     3 | D:1      | 3 ||| CASTING Summon Small Mammal
     4 | D:1      | 4 ||| CASTING Summon Small Mammal
    39 | D:1      | 39 ||| CASTING Summon Small Mammal
    40 | D:1      | 40 ||| CASTING Summon Small Mammal
    75 | D:1      | 75 ||| CASTING Summon Small Mammal
    76 | D:1      | 76 ||| CASTING Summon Small Mammal
   110 | D:1      | 110 ||| CASTING Summon Small Mammal
   111 | D:1      | 111 ||| CASTING Summon Small Mammal
   113 | D:1      | Reached skill level 1 in Axes
   159 | D:1      | 159 ||| CASTING Summon Small Mammal
   160 | D:1      | 160 ||| CASTING Summon Small Mammal
   188 | D:1      | 188 ||| Wielding weapon +0 dagger.
   198 | D:1      | 198 ||| CASTING Summon Small Mammal
   199 | D:1      | 199 ||| CASTING Summon Small Mammal
   203 | D:1      | Reached XP level 2. HP: 22/22 MP: 0/3
   242 | D:1      | 242 ||| SWAPPING to +0 club.
   243 | D:1      | 243 ||| DROPPING +0 dagger.
   248 | D:1      | 248 ||| CASTING Summon Small Mammal
   249 | D:1      | 249 ||| CASTING Summon Small Mammal
   250 | D:1      | 250 ||| CASTING Summon Small Mammal
   259 | D:1      | Reached skill level 1 in Fighting
   286 | D:1      | 286 ||| CASTING Summon Small Mammal
   287 | D:1      | 287 ||| CASTING Summon Small Mammal
   288 | D:1      | 288 ||| CASTING Summon Small Mammal
   347 | D:1      | 347 ||| CASTING Summon Small Mammal
   348 | D:1      | 348 ||| CASTING Summon Small Mammal
   349 | D:1      | 349 ||| CASTING Summon Small Mammal
   358 | D:1      | 358 ||| CASTING Summon Small Mammal
   371 | D:1      | 371 ||| CASTING Summon Small Mammal
   616 | D:1      | 616 ||| CASTING Summon Small Mammal
   617 | D:1      | 617 ||| CASTING Summon Small Mammal
   618 | D:1      | 618 ||| CASTING Summon Small Mammal
   655 | D:1      | 655 ||| CASTING Summon Small Mammal
   656 | D:1      | 656 ||| CASTING Summon Small Mammal
   657 | D:1      | 657 ||| CASTING Summon Small Mammal
   694 | D:1      | Found a faded altar of an unknown god.
   696 | D:1      | 696 ||| CASTING Summon Small Mammal
   697 | D:1      | 697 ||| CASTING Summon Small Mammal
   698 | D:1      | 698 ||| CASTING Summon Small Mammal
   765 | D:1      | 765 ||| CASTING Summon Small Mammal
   766 | D:1      | 766 ||| CASTING Summon Small Mammal
   767 | D:1      | 767 ||| CASTING Summon Small Mammal
   916 | D:1      | 916 ||| CASTING Summon Small Mammal
   917 | D:1      | 917 ||| CASTING Summon Small Mammal
   918 | D:1      | 918 ||| CASTING Summon Small Mammal
  1057 | D:1      | 1057 ||| CASTING Summon Small Mammal
  1058 | D:1      | 1058 ||| CASTING Summon Small Mammal
  1059 | D:1      | 1059 ||| CASTING Summon Small Mammal
  1210 | D:1      | 1210 ||| UPGRADING to +0 leather armour.
  1220 | D:1      | 1220 ||| DROPPING +0 robe.
  1221 | D:1      | 1221 ||| UPGRADING to +0 scale mail.
  1231 | D:1      | 1231 ||| DROPPING +0 leather armour.
  1232 | D:1      | 1232 ||| DROPPING +6 ring of intelligence.
  1233 | D:1      | 1233 ||| READING scroll labelled YTUNAF FUHEIL.
  1234 | D:1      | 1234 ||| READING 2 scrolls labelled BISUJE QIPU.
  1238 | D:1      | 1238 ||| DRINKING 2 blue potions.
  1239 | D:1      | 1239 ||| DROPPING potion of magic.
  1254 | D:2      | Reached XP level 3. HP: 28/28 MP: 4/4
  1269 | D:2      | 1269 ||| Stepping ~*~*~tactically~*~*~ (stealth).
  1270 | D:2      | 1270 ||| Stepping ~*~*~tactically~*~*~ (stealth).
  1433 | D:2      | 1433 ||| Stepping ~*~*~tactically~*~*~ (stealth).
  1725 | D:2      | Noticed an ogre
  1735 | D:2      | HP: 6/29 [goblin/+0 club (3)]
  1736 | D:2      | 1736 ||| READING scroll of teleportation.
  1736 | D:2      | Mangled by an ogre

Levels and vault maps discovered:
D:1:      onia_arrival_handbag, layout_rooms, nicolae_ecumenical_snake_handling
D:2:      minmay_chambers_of_ones, layout_basic, uniq_crazy_yiuf_cottage

Skill      XL: |  1  2  3 |
---------------+----------+-----
Axes           | 1 2 |  2.1
Fighting       | 1 2 |  2.0
Dodging        | |  1.7
Stealth        | |  2.1
Spellcasting   | |  1.7
Summonings     | |  3.6

Action                   || total
-------------------------++-------
Melee: Unarmed           ||     7
       Club              ||    90
       Punch             ||     1
 Cast: Summon Small Mamm ||    40
  Use: Scroll            ||     3
       Potion            ||     1
Armor: Robe              ||     4
       Scale mail        ||    38
Dodge: Dodged            ||    53

Table legend:
 A = Non-vault XP
 B = Vault XP
 C = Vault XP percentage of total XP
 D = Non-vault monster count
 E = Vault monster count
 F = Vault count percentage of total count
                 A         B        C        D         E       F
            +---------+---------+-------+---------+---------+-------
      Total |      50 |      12 |  19.4 |      19 |       8 |  29.6
            +---------+---------+-------+---------+---------+-------
        D:1 |      20 |      12 |  37.5 |      10 |       8 |  44.4
        D:2 |      30 |       0 |   0.0 |       9 |       0 |   0.0
            +---------+---------+-------+---------+---------+-------
